Map: Dusk Towers

Players

Dog

  • Race: Terran Terran
  • League: Diamond

LilDicky - Winner!

  • Race: Terran Terran
  • League: Diamond

VOD

http://www.twitch.tv/tumescentpie

Description

Time

  • Played on: Nov. 28, 2015, 2:27 a.m.
  • Length: 2:46
Show
View Real Time Build Order
Export as new Build Order

Dog Terran 

Build Orders:  

Get SALT Encoding   

  12  0:00  SCV  
  13  0:13  SCV  
  14  0:18  Supply Depot  
  14  0:25  SCV  
  15  0:40  SCV  
  15  0:41  Refinery  
  16  0:47  Barracks  
  16  0:52  SCV  
  17  1:04  SCV  
  18  1:16  SCV  
  19  1:28  SCV  
  20  1:34  Reaper  
  20  1:39  Refinery  
  21  1:40  Orbital Command  
  21  1:43  Supply Depot  
  21  2:04  Command Center  
  21  2:09  SCV, Reaper  
  23  2:17  Factory  
  23  2:21  SCV  
  24  2:33  SCV  
Show
View Real Time Build Order
Export as new Build Order

LilDicky Terran - Winner!

Build Orders:  

Get SALT Encoding   

  12  0:01  SCV  
  13  0:13  SCV  
  14  0:20  Supply Depot  
  14  0:25  SCV  
  15  0:31  Refinery  
  15  0:42  SCV  
  16  0:45  Barracks  
  16  0:54  SCV  
  17  1:06  SCV  
  18  1:20  SCV  
  19  1:25  Barracks  
  19  1:27  Barracks  
  19  1:33  Reaper  
  19  1:37  Supply Depot  
  20  1:44  Refinery  
  20  1:54  Orbital Command  
  20  2:05  Reaper  
  23  2:17  Supply Depot  
  23  2:20  SCV  
Tags
 
Add a new tag
Caveats
  • Supply blocks, unpowered buildings, or Contaminate may cause inaccurate times.
  • Supply counts are checked every 10 seconds.